 Dungeon Sprint DCSS version 0.30-a0-305-g026cb31310 (webtiles) character file.

Game seed: 9945871967554838254

4487 garrulousMonolith the Carver (level 10, 0/86 HPs)
             Began as a Gnoll Reaver on Oct 22, 2022.
             Was the Champion of Cheibriados.
             Slain by Arachne
             ... wielding a staff of poison
              (11 damage)
             ... in the Dungeon (Sprint VII: "The Pits").
             The game lasted 00:06:00 (1131 turns).

garrulousMonolith the Carver (Gnoll Reaver)         Turns: 1131, Time: 00:06:01

Health: 0/86       AC: 16    Str: 27    XL:     10   Next: 38%
Magic:  14/24      EV: 16    Int: 32    God:    Cheibriados [******]
Gold:   0          SH:  0    Dex: 25    Spells: 24/30 levels left

rFire   . . .      SeeInvis .    a - +2 rapier (elec)
rCold   . . .      Faith    .    (no shield)
rNeg    . . .      Spirit   .    w - +4 chain mail
rPois   .          Reflect  .    (no helmet)
rElec   .          Harm     .    (no cloak)
rCorr   .          Rampage  .    v - +0 pair of gloves
Will    .....      NoTele   +    (no boots)
Stlth   ++........               (no amulet)
HPRegen 0.34/turn                (no ring)
MPRegen 0.19/turn                (no ring)

@: lethally poisoned (0 -> -24), slowed, very slow
A: fangs 1, strong nose, distributed training
a: Renounce Religion, Bend Time, Temporal Distortion, Slouch, Step From Time


You were in the Dungeon.
You worshipped Cheibriados.
Cheibriados was exalted by your worship.
You visited 1 branch

Inventory:

Hand Weapons
 a - a +2 rapier of electrocution (weapon)
 p - a +2 scimitar of flaming
 r - a +1 dagger of electrocution
 t - a +1 vorpal broad axe
 u - a +2 scimitar of holy wrath
Missiles
 q - 5 throwing nets (quivered)
Armour
 v - a +0 pair of gloves (worn)
 w - a +4 chain mail (worn)
Jewellery
 h - a +3 ring of strength
 s - a +3 ring of intelligence
Scrolls
 k - 5 scrolls of amnesia
 l - a scroll of summoning
 m - 2 scrolls of vulnerability
Potions
 b - a potion of brilliance
 c - 6 potions of curing
 d - 8 potions of heal wounds
 e - a potion of haste
 f - 4 potions of magic
 g - 5 potions of berserk rage
 i - a potion of might
 j - a potion of invisibility
 n - a potion of resistance
 o - 2 potions of mutation


   Skills:
 + Level 10.3 Fighting
 + Level 9.2 Short Blades
 + Level 11.3 Long Blades
 + Level 9.2 Axes
 + Level 9.2 Maces & Flails
 + Level 9.2 Polearms
 + Level 9.2 Staves
 + Level 9.2 Ranged Weapons
 + Level 9.2 Throwing
 + Level 9.2 Armour
 + Level 10.3 Dodging
 + Level 9.2 Stealth
 + Level 9.2 Shields
 + Level 9.2 Unarmed Combat
 + Level 10.5 Spellcasting
 + Level 9.5 Conjurations
 + Level 7.7 Hexes
 + Level 7.7 Summonings
 + Level 7.7 Necromancy
 + Level 7.7 Translocations
 + Level 7.7 Transmutations
 + Level 7.7 Fire Magic
 + Level 7.7 Ice Magic
 + Level 7.7 Air Magic
 + Level 7.7 Earth Magic
 + Level 7.7 Poison Magic
 + Level 10.1 Invocations
 + Level 9.2 Evocations


You had 24 spell levels left.
You knew the following spells:

 Your Spells              Type           Power      Damage    Failure   Level
a - Kiss of Death         Conj/Necr      100%       2d13      1%          1
b - Momentum Strike       Conj/Tloc      100%       3d10      1%          2
c - Hailstorm             Conj/Ice       64%        3d14      1%          3

Your spell library contained the following spells:

 Spells                   Type           Power      Damage    Failure   Level


Dungeon Overview and Level Annotations

Branches:
Dungeon (1/1)

Altars:
Ashenzari
Cheibriados
Dithmenos
Elyvilon
Fedhas
Gozag
Hepliaklqana
Kikubaaqudgha
Makhleb
Nemelex Xobeh
Okawaru
Qazlal
Ru
Sif Muna
Trog
Uskayaw
Vehumet
Wu Jian
Xom
Yredelemnul
Zin
The Shining One
Jiyva
Lugonu

Annotations:
D Arachne


Innate Abilities, Weirdness & Mutations

You have very sharp teeth.
Your uncanny sense of smell can sniff out nearby items.
Your experience applies equally to all skills.


Message History

You can feel time thicken for a moment.
You destroy the vampire mosquito!
Cheibriados thoroughly appreciates the change of pace.
Cheibriados raises the support of your attributes as your movement slows.
You kill the killer bee!
Cheibriados thoroughly appreciates the change of pace.
Cheibriados raises the support of your attributes as your movement slows.
You kill the killer bee!
Cheibriados thoroughly appreciates the change of pace.
You destroy the vampire mosquito!
Cheibriados thoroughly appreciates the change of pace.
You kill the killer bee!
Cheibriados thoroughly appreciates the change of pace.
You destroy the vampire mosquito!
Cheibriados thoroughly appreciates the change of pace.
You kill the killer bee!
Cheibriados thoroughly appreciates the change of pace.
Arachne stares at you and mumbles some strange words.
The poison arrow hits you!!
You are poisoned.
Arachne says, "No one escapes my webs."
Arachne hits you with a staff of poison.
Arachne envenoms you!
You are more poisoned.
Your Invocations skill increases to level 10!
Activating: Slouch (1% risk of failure)
Press: ? - help, Dir - look around, f - activate You can feel time thicken for a moment.
You destroy the vampire mosquito!
Cheibriados thoroughly appreciates the change of pace.
You feel extremely sick.
Arachne hits you with a staff of poison.
* * * LOW HITPOINT WARNING * * *
Arachne envenoms you!
* * * LOW HITPOINT WARNING * * *
You are more poisoned.
The vampire knight mumbles some strange words.
The vampire knight seems to speed up.
Arachne hits you with a staff of poison!
You die...

'###### '# .# .# .####
#+#### .#..#####.##..
##+##
.#....##...#...#...#
.')....#...#...#...#
.'...))'...+.|VH@..+
.')....#...#..†#†..#
.#....##...#.. #...#
.#..#####.##. ##'##
.####...#+######...##
.##†....†........#†)#
.#..)..)........###..#
################# ###


You could see Arachne and a vampire knight (fast).

Vanquished Creatures
  Harold (D)
  A lindwurm (D)
  A bog body (D)
  An orange demon (D)
  An efreet (D)
  A hellwing (D)
  A merfolk (D)
  A tarantella (D)
  A tyrant leech (D)
  A ynoxinul (D)
  A wraith (D)
  A redback (D)
  4 vampire mosquitoes (D)
  2 floating eyes (D)
  A wolf (D)
  A bullfrog (D)
  2 gnoll sergeants (D)
  4 killer bees (D)
  Jessica (D)
  A hell rat (D)
  An orc wizard (D)
  2 mummies (D)
  7 gnolls (D)
  A river rat (D)
  A white imp (D)
  An orc (D)
  2 bats (D)
  2 endoplasms (D)
  A goblin (D)
  A ball python (D)
  A ball python zombie (D)
  2 kobolds (D)
50 creatures vanquished.

Notes
Turn   | Place    | Note
-------+----------+-------------------------------------------
     0 | D        | garrulousMonolith the Gnoll Reaver began the quest for the
                  | Orb.
     0 | D        | Reached XP level 1. HP: 20/20 MP: 6/6
    43 | D        | Found a glowing golden altar of the Shining One.
    43 | D        | Found a glowing silver altar of Zin.
    43 | D        | Found a basalt altar of Yredelemnul.
    43 | D        | Found a shimmering altar of Xom.
    43 | D        | Found an ornate altar of the Wu Jian Council.
    43 | D        | Found a bloodstained altar of Trog.
    43 | D        | Found a shimmering blue altar of Sif Muna.
    43 | D        | Found a sacrificial altar of Ru.
    43 | D        | Found a stormy altar of Qazlal.
    43 | D        | Found an iron altar of Okawaru.
    43 | D        | Found a sparkling altar of Nemelex Xobeh.
    43 | D        | Found a burning altar of Makhleb.
    43 | D        | Found a viscous altar of Jiyva.
    43 | D        | Found a hazy altar of Hepliaklqana.
    43 | D        | Found an opulent altar of Gozag.
    43 | D        | Found a blossoming altar of Fedhas.
    43 | D        | Found a white marble altar of Elyvilon.
    43 | D        | Found a shadowy altar of Dithmenos.
    43 | D        | Found a snail-covered altar of Cheibriados.
    44 | D        | Found a radiant altar of Vehumet.
    44 | D        | Found a corrupted altar of Lugonu.
    45 | D        | Found a hide-covered altar of Uskayaw.
    45 | D        | Found an ancient bone altar of Kikubaaqudgha.
    45 | D        | Found a broken altar of Ashenzari.
    51 | D        | Became a worshipper of Cheibriados the Contemplative
    78 | D        | Reached skill level 1 in Short Blades
    78 | D        | Reached skill level 1 in Axes
    78 | D        | Reached skill level 1 in Maces & Flails
    78 | D        | Reached skill level 1 in Polearms
    78 | D        | Reached skill level 1 in Staves
    78 | D        | Reached skill level 1 in Ranged Weapons
    78 | D        | Reached skill level 1 in Throwing
    78 | D        | Reached skill level 1 in Armour
    78 | D        | Reached skill level 1 in Stealth
    78 | D        | Reached skill level 1 in Shields
    78 | D        | Reached skill level 1 in Unarmed Combat
    78 | D        | Reached skill level 5 in Spellcasting
    78 | D        | Reached skill level 1 in Hexes
    78 | D        | Reached skill level 1 in Summonings
    78 | D        | Reached skill level 1 in Necromancy
    78 | D        | Reached skill level 1 in Translocations
    78 | D        | Reached skill level 1 in Transmutations
    78 | D        | Reached skill level 1 in Fire Magic
    78 | D        | Reached skill level 1 in Ice Magic
    78 | D        | Reached skill level 1 in Air Magic
    78 | D        | Reached skill level 1 in Earth Magic
    78 | D        | Reached skill level 1 in Poison Magic
    78 | D        | Reached skill level 1 in Invocations
    78 | D        | Reached skill level 1 in Evocations
    78 | D        | Reached XP level 2. HP: 9/26 MP: 6/8
   148 | D        | Reached * piety under Cheibriados
   160 | D        | Reached ** piety under Cheibriados
   178 | D        | Noticed a floating eye
   181 | D        | Noticed a floating eye
   188 | D        | Learned a level 2 spell: Momentum Strike
   204 | D        | Killed a floating eye
   205 | D        | Reached skill level 5 in Fighting
   205 | D        | Reached skill level 7 in Long Blades
   205 | D        | Reached skill level 5 in Dodging
   205 | D        | Reached XP level 3. HP: 22/34 MP: 7/10
   205 | D        | Reached XP level 4. HP: 26/40 MP: 8/12
   205 | D        | Reached XP level 5. HP: 30/46 MP: 8/13
   271 | D        | Paralysed by a floating eye for 3 turns
   276 | D        | Killed a floating eye
   277 | D        | Reached XP level 6. HP: 52/52 MP: 13/15
   281 | D        | Reached *** piety under Cheibriados
   363 | D        | Reached **** piety under Cheibriados
   366 | D        | Reached skill level 8 in Long Blades
   370 | D        | Reached skill level 5 in Invocations
   372 | D        | Reached ***** piety under Cheibriados
   373 | D        | Reached skill level 5 in Short Blades
   373 | D        | Reached skill level 5 in Axes
   373 | D        | Reached skill level 5 in Maces & Flails
   373 | D        | Reached skill level 5 in Polearms
   373 | D        | Reached skill level 5 in Staves
   373 | D        | Reached skill level 5 in Ranged Weapons
   373 | D        | Reached skill level 5 in Throwing
   373 | D        | Reached skill level 5 in Armour
   373 | D        | Reached skill level 5 in Stealth
   373 | D        | Reached skill level 5 in Shields
   373 | D        | Reached skill level 5 in Unarmed Combat
   373 | D        | Reached skill level 5 in Evocations
   469 | D        | Learned a level 3 spell: Hailstorm
   482 | D        | Reached XP level 7. HP: 54/60 MP: 17/17
   483 | D        | Noticed a tyrant leech
   498 | D        | Killed a tyrant leech
   575 | D        | Noticed a hellwing
   575 | D        | Noticed a ynoxinul
   578 | D        | Killed a ynoxinul
   579 | D        | Reached skill level 9 in Long Blades
   579 | D        | Reached skill level 5 in Hexes
   579 | D        | Reached skill level 5 in Summonings
   579 | D        | Reached skill level 5 in Necromancy
   579 | D        | Reached skill level 5 in Translocations
   579 | D        | Reached skill level 5 in Transmutations
   579 | D        | Reached skill level 5 in Fire Magic
   579 | D        | Reached skill level 5 in Ice Magic
   579 | D        | Reached skill level 5 in Air Magic
   579 | D        | Reached skill level 5 in Earth Magic
   579 | D        | Reached skill level 5 in Poison Magic
   586 | D        | Killed a hellwing
   587 | D        | Reached XP level 8. HP: 46/68 MP: 10/20
   826 | D        | Noticed an orange demon
   833 | D        | Killed an orange demon
   877 | D        | Noticed Jessica
   877 | D        | Noticed Harold
   877 | D        | Noticed a tarantella
   877 | D        | Noticed an efreet
   878 | D        | Killed a tarantella
   878 | D        | Reached ****** piety under Cheibriados
   878 | D        | Killed Jessica
   879 | D        | Reached skill level 10 in Long Blades
   879 | D        | Reached XP level 9. HP: 75/75 MP: 15/22
   881 | D        | Killed an efreet
   890 | D        | Killed Harold
   953 | D        | Noticed a merfolk
   953 | D        | Noticed a lindwurm
   958 | D        | Killed a lindwurm
   958 | D        | Killed a merfolk
   959 | D        | Reached skill level 10 in Spellcasting
   959 | D        | Reached XP level 10. HP: 37/85 MP: 7/24
  1104 | D        | Noticed a bog body
  1108 | D        | Killed a bog body
  1109 | D        | Reached skill level 10 in Fighting
  1109 | D        | Reached skill level 11 in Long Blades
  1109 | D        | Reached skill level 10 in Dodging
  1129 | D        | Noticed Arachne
  1129 | D        | Noticed a vampire knight
  1131 | D        | Reached skill level 10 in Invocations
  1131 | D        | Slain by Arachne

Illustrated notes

Levels and vault maps discovered:
D:        pitsprint [storerooms_1, entrance_room_1, metal_vault_1, armoury_2,
          mini_pit_1, grid_room_1, main_hall_1, silver_pit, the_coven_3,
          the_vestibule_1, steel_vault_3, golden_pit, hallway_of_sentries,
          crystal_vault_1, iron_vault_2, final_vault]

Skill      XL: |  1  2  3  4  5  6  7  8  9 10 |
---------------+-------------------------------+-----
Short Blades   | 1 3 4 5 6 7 8 9 |  9.2
Axes           | 1 3 4 5 6 7 8 9 |  9.2
Maces & Flails | 1 3 4 5 6 7 8 9 |  9.2
Polearms       | 1 3 4 5 6 7 8 9 |  9.2
Staves         | 1 3 4 5 6 7 8 9 |  9.2
Ranged Weapons | 1 3 4 5 6 7 8 9 |  9.2
Throwing       | 1 3 4 5 6 7 8 9 |  9.2
Armour         | 1 3 4 5 6 7 8 9 |  9.2
Stealth        | 1 3 4 5 6 7 8 9 |  9.2
Shields        | 1 3 4 5 6 7 8 9 |  9.2
Unarmed Combat | 1 3 4 5 6 7 8 9 |  9.2
Spellcasting   | 5 6 7 8 9 10 | 10.5
Hexes          | 1 2 3 4 5 6 7 |  7.7
Summonings     | 1 2 3 4 5 6 7 |  7.7
Necromancy     | 1 2 3 4 5 6 7 |  7.7
Translocations | 1 2 3 4 5 6 7 |  7.7
Transmutations | 1 2 3 4 5 6 7 |  7.7
Fire Magic     | 1 2 3 4 5 6 7 |  7.7
Ice Magic      | 1 2 3 4 5 6 7 |  7.7
Air Magic      | 1 2 3 4 5 6 7 |  7.7
Earth Magic    | 1 2 3 4 5 6 7 |  7.7
Poison Magic   | 1 2 3 4 5 6 7 |  7.7
Invocations    | 1 3 4 5 7 8 9 10 | 10.1
Evocations     | 1 3 4 5 6 7 8 9 |  9.2
Fighting       | 5 6 7 8 9 10 | 10.3
Long Blades    | 7 8 9 10 11 | 11.3
Dodging        | 5 6 7 8 9 10 | 10.3
Conjurations   | 6 7 8 9 |  9.5

Action                   |  1- 3 |  4- 6 |  7- 9 | 10-12 || total
-------------------------+-------+-------+-------+-------++-------
Melee: Falchion          |    21 |     8 |       |       ||    29
       Bite              |     1 |     6 |     6 |       ||    13
       Long sword        |       |    23 |       |       ||    23
       Punch             |       |     2 |     3 |       ||     5
       Dagger            |       |       |    30 |       ||    30
       Rapier            |       |       |    15 |     2 ||    17
 Cast: Kiss of Death     |     3 |       |     1 |       ||     4
       Momentum Strike   |       |       |     1 |       ||     1
Invok: Slouch            |       |     2 |    10 |     3 ||    15
  Use: Potion            |       |     1 |     3 |       ||     4
       Scroll            |       |       |     1 |       ||     1
 Stab: Invisible         |       |       |     1 |       ||     1
Armor: Leather armour    |     2 |       |       |       ||     2
       Chain mail        |       |     8 |    23 |     6 ||    37
Dodge: Dodged            |    13 |    16 |    19 |     3 ||    51

Table legend: (Time is in decaauts)
 A = Elapsed time spent in this place.
 B = Non-inter-level travel time spent in this place.
 C = Inter-level travel time spent in this place.
 D = Time resting spent in this place.
 E = Time spent auto-exploring this place.
 F = Levels seen in this place.
 G = Mean time per level.
                   A        B        C        D        E       F      G
               +--------+--------+--------+--------+--------+-----+--------+
         Total |   1328 |   1328 |      0 |    597 |      0 |   1 | 1328.0 |
       Dungeon |   1328 |   1328 |      0 |    597 |      0 |   1 | 1328.0 |
               +--------+--------+--------+--------+--------+-----+--------+

Top non-repeatable levels by time:
       D: 1328 daAuts
